 Dungeon Crawl Stone Soup version 0.31.0-10-gcf4a605ca0 (webtiles) character file.

Game seed: 9069401234849766943

49759 SnakkuSnakku7 the Grappler (level 14, -3/108 HPs)
             Began as a Ghoul Summoner on Jan 25, 2024.
             Was a High Priest of Hepliaklqana.
             Slain by a death yak (16 damage)
             ... in an ice cave.
             The game lasted 00:29:07 (16478 turns).

SnakkuSnakku7 the Grappler (Ghoul Summoner)        Turns: 16478, Time: 00:29:08

Health: -3/108     AC: 14    Str: 23    XL:     14   Next: 52%
Magic:  0/22       EV: 15    Int: 14    God:    Hepliaklqana [*****.]
Gold:   1038       SH: 13    Dex: 15    Spells: 16/16 levels left

rFire   + .          .
                       - Unarmed
rCold   + + +        j - +2 kite shield {rC+}
rNeg    + + +        a - +0 acid dragon scales
rPois   ∞            A - +0 helmet
rElec   .            l - +1 cloak of Guvvuw {rF+ rC+}
rCorr   +            (no gloves)
SInv    .            t - +0 pair of boots
Will    +....        x - amulet of guardian spirit
Stlth   ++           E - +6 ring of strength
HPRegen 0.00/turn    I - +6 ring of dexterity
MPRegen 0.18/turn

%: guardian spirit
@: mighty, inhibited regen
A: reduced essence, claws 1, cold resistance 1, negative energy resistance 3,
inhibited regeneration, torment resistance 2, devour on kill
a: Renounce Religion, Recall Ancestor, Ancestor Identity, Transference, Idealise


You were in an ice cave.
You worshipped Hepliaklqana.
Hepliaklqana was extremely pleased with you.
You visited 2 branches of the dungeon, and saw 15 of its levels.
You also visited: Ice Cave.

You collected 1038 gold pieces.

Inventory:

Armour
 a - +0 acid dragon scales (worn)
 c - a +0 pair of gloves
 e - a +2 robe of willpower
 j - a +2 kite shield of cold resistance (worn)
 l - the +1 cloak of Guvvuw (worn) {rF+ rC+}
   (You acquired it on level 3 of the Lair of Beasts)

   rF+:       It protects you from fire.
   rC+:       It protects you from cold.
 t - a +0 pair of boots (worn)
 A - a +0 helmet (worn)
Jewellery
 x - an amulet of guardian spirit (around neck)
 E - a +6 ring of strength (left claw)
 F - an amulet of faith
 G - a ring of willpower
 H - the ring of Peigg {Fire Str+2}
   (You found it on level 9 of the Dungeon)

   [ring of fire]

   Fire:      It enhances your fire magic.
   Str+2:     It affects your strength (+2).
   rF+:       It protects you from fire.
   rC-:       It makes you vulnerable to cold.
 I - a +6 ring of dexterity (right claw)
Wands
 p - a wand of light (11)
 s - a wand of flame (14)
 y - a wand of charming (19)
 C - a wand of polymorph (11)
 J - a wand of iceblast (5)
Scrolls
 g - 5 scrolls of revelation
 h - 12 scrolls of teleportation
 n - 2 scrolls of blinking
 q - a scroll of amnesia
 r - a scroll of torment {unknown}
 u - a scroll of silence
 v - a scroll of summoning
 K - a scroll of immolation
Potions
 b - 2 potions of magic
 d - a potion of cancellation
 f - a potion of brilliance
 i - 4 potions of curing
 k - a potion of degeneration {unknown}
 o - a potion of might
 w - 2 potions of attraction {unknown}
 z - 3 potions of haste {unknown}
 B - 2 potions of ambrosia
 D - 3 potions of resistance
Miscellaneous
 N - a lightning rod (4/4)


   Skills:
 - Level 10.0 Fighting
 - Level 10.0 Armour
 - Level 10.0 Dodging
 - Level 2.1 Stealth
 - Level 10.0 Shields
 - Level 12.0 Unarmed Combat
 - Level 1.7 Spellcasting
 - Level 3.6 Summonings
 + Level 10.7 Invocations


You had 16 spell levels left.
You didn't know any spells.
Your spell library contained the following spells:

 Spells                   Type           Power      Damage    Failure   Level
 Summon Small Mammal      Summ           44%        N/A       12%         1
 Call Imp                 Summ           22%        N/A       19%         2
 Call Canine Familiar     Summ           11%        N/A       34%         3
 Necrotise                Necr           4%         1d4       45%         1
 Slow                     Hex            4%         N/A       45%         1
 Ensorcelled Hibernation  Hex/Ice        2%         N/A       61%         2
 Confusing Touch          Hex            1%         N/A       83%         3
 Gell's Gravitas          Tloc           1%         N/A       83%         3
 Inner Flame              Hex/Fire       1%         N/A       83%         3
 Passwall                 Erth           1%         N/A       83%         3
 Sigil of Binding         Hex            1%         N/A       83%         3
 Swiftness                Air            1%         N/A       83%         3
 Teleport Other           Tloc           1%         N/A       83%         3
 Tukima's Dance           Hex            1%         N/A       83%         3
 Vampiric Draining        Necr           1%         2d6       83%         3
 Animate Armour           Summ/Erth      12%        N/A       94%         4
 Martyr's Knell           Necr/Summ      6%         N/A       94%         4
 Summon Blazeheart Golem  Fire/Summ      6%         N/A       94%         4
 Summon Lightning Spire   Summ/Air       6%         N/A       94%         4
 Anguish                  Hex/Necr       0%         N/A       99%         4
 Cause Fear               Hex            0%         N/A       99%         4
 Dimensional Bullseye     Hex/Tloc       0%         N/A       99%         4
 Flame Wave               Conj/Fire      1%         2d4       99%         4
 Iskenderun's Mystic Bla  Conj/Tloc      1%         2d3       99%         4
 Passage of Golubria      Tloc           1%         N/A       99%         4
 Sticky Flame             Fire/Alch      1%         2d4       99%         4
 Curse of Agony           Necr           1%         N/A       100%        5
 Lee's Rapid Deconstruct  Erth           0%         3d4*      100%        5
 Summon Forest            Summ/Tloc      3%         N/A       100%        5
 Summon Mana Viper        Hex/Summ       6%         N/A       100%        5
 Yara's Violent Unravell  Hex/Alch       0%         3d3       100%        5
 Dispersal                Tloc           0%         N/A       100%        6
 Eringya's Noxious Bog    Alch           0%         4d6       100%        6
 Summon Cactus Giant      Summ           5%         N/A       100%        6
 Enfeeble                 Hex            0%         N/A       100%        7
 Summon Hydra             Summ           5%         N/A       100%        7


Dungeon Overview and Level Annotations

Branches:
Dungeon (10/15)            Temple (0/1) D:7            Lair (5/5) D:8
  Swamp (0/4) Lair:2       Spider (0/4) Lair:3        Slime (0/5) Lair:4
    Orc (0/2) D:10          IceCv (1/1)

Altars:
Dithmenos
Gozag
Hepliaklqana
Kikubaaqudgha
Nemelex Xobeh
Okawaru
Qazlal
Ru
Trog
Uskayaw
Vehumet
Yredelemnul
Jiyva

Portals:
Trove: D:10 (give 7 potions of haste)

Annotations:
D:7 2 transporters
D:10 exclusion: ice dragon


Innate Abilities, Weirdness & Mutations

Your life essence is reduced to manifest your ancestor. (-10% HP)
You are immune to poison.
You have sharp fingernails.
Your flesh is cold resistant. (rC+)
You are immune to negative energy. (rN+++)
You do not regenerate when monsters are visible.
You are immune to unholy pain and torment.
You thrive by killing the living.


Message History

Eto Bleh hits the death yak with a +0 quarterstaff!
The death yak dies!
The frost giant completely misses you.
Unknown command.
You claw the death yak!
The death yak is moderately wounded.
Eto Bleh hits the death yak with a +0 quarterstaff!
The death yak gores you!
The frost giant hits you with a +1 battleaxe of freezing!
You barely miss the death yak.
The death yak is moderately wounded.
Eto Bleh hits the death yak but does no damage.
You claw the death yak!
The death yak is heavily wounded.
The death yak gores you.
The frost giant hits you with a +1 battleaxe of freezing!!
* * * LOW HITPOINT WARNING * * *
Eto Bleh casts a spell at the death yak.
The stone arrow hits the death yak!
You claw the death yak!
The death yak is almost dead.
The death yak gores you but does no damage.
The frost giant hits you with a +1 battleaxe of freezing!
* * * LOW HITPOINT WARNING * * *
Eto Bleh hits the death yak with a +0 quarterstaff!!
The death yak dies!
You claw the frost giant!
The frost giant is severely wounded.
The frost giant hits you with a +1 battleaxe of freezing.
* * * LOW HITPOINT WARNING * * *
You feel better.
Eto Bleh casts a spell at the frost giant.
The stone arrow hits the death yak!!
The frost giant completely misses you. You block the death yak's attack.
You feel better.
Eto Bleh hits the death yak but does no damage.
The frost giant hits you with a +1 battleaxe of freezing!!
* * * LOW HITPOINT WARNING * * *
The death yak gores you!
You die...

#[ .$ ##### .###
####...### ...##
###....#...## ....#
##.....####..###Yh.#
###.....#####..##Chk#
#....######...##@Y###
....## #.....###R.#
†.### ##)..#.#.###
######### ######.##
..##....### ###
##....#...###
#######....###
####...## # ##...####


You could see the friendly Eto Bleh the battlemage, a frost giant (ally target),
a death yak, 2 polar bears, a yak and a rime drake.

Vanquished Creatures
  5 hydras (Lair:4)
  A ghost crab (Lair:2)
  Urug (Lair:1)
  3 death yaks
  Amaemon (D:9)
  A skyshark (Lair:4)
  A spectral hydra (Lair:2)
  An ugly thing (IceCv)
  Maurice (D:8)
  2 elephants
  An ice statue (IceCv)
  5 black mambas
  An orange demon (D:9)
  A rime drake (IceCv)
  2 cane toads
  5 komodo dragons
  2 trolls (D:10)
  9 polar bears
  A hornet (D:7)
  11 blink frogs
  5 dream sheep
  A shadow (D:10)
  46 yaks
  A spriggan (D:9)
  3 wyverns
  2 basilisks
  2 steam dragons
  2 redbacks (Lair:3)
  2 acid dragons
  10 water moccasins
  Duvessa (D:5)
  A spectral polar bear (Lair:2)
  An orc warrior (D:10)
  A sky beast (D:8)
  3 ice beasts
  6 black bears
  22 wolves
  2 centaurs (D:8)
  A spectral rime drake (Lair:2)
  A phantom (D:5)
  A kobold brigand (D:8)
  9 bullfrogs
  2 scorpions
  11 wights
  5 killer bees
  7 electric eels
  3 howler monkeys
  3 bombardier beetles (D:5)
  9 hounds
  2 orc priests
  A gnoll bouda (D:9)
  3 jellies
  A sleepcap (D:5)
  Jessica (D:2)
  2 iguanas (D:6)
  9 orc wizards
  5 hell rats (Lair:2)
  A centaur simulacrum (D:8)
  6 gnolls
  3 adders
  A shadow imp (D:6)
  3 white imps
  3 ufetubi
  11 dart slugs
  A ribbon worm (D:5)
  42 orcs
  5 ball pythons
  7 endoplasms
  4 giant cockroaches (D:1)
  7 goblins
  4 hobgoblins
  8 jackals (D:2)
  A quokka (D:4)
  5 bats
  3 frilled lizards
  8 kobolds
  7 rats
372 creatures vanquished.

Vanquished Creatures (collateral kills)
  A hydra (Lair:5)
  5 death yaks
  A cyclops (D:10)
  2 elephants (Lair:1)
  3 cane toads
  4 rime drakes
  3 komodo dragons
  5 blink frogs
  3 polar bears
  A dream sheep (Lair:4)
  A jumping spider (Lair:3)
  23 yaks
  2 wyverns
  A basilisk (Lair:2)
  A steam dragon (D:7)
  5 water moccasins
  An ice beast (D:8)
  12 wolves
  A kobold brigand (D:10)
  5 bullfrogs
  A gnoll sergeant (D:10)
  2 wights
  Dowan (D:5)
  A killer bee (D:10)
  A howler monkey (D:10)
  A jelly (Lair:4)
  A hell rat (Lair:2)
  3 orc wizards
  A killer bee simulacrum (D:8)
  8 gnolls
  8 orcs
  A hobgoblin (D:1)
  A quokka (D:1)
  4 kobolds
  A rat (D:1)
115 creatures vanquished.

Vanquished Creatures (others)
  A gnoll bouda (D:7)
  13 battlemagi
  3 ancestors (D:8)
17 creatures vanquished.

Grand Total: 504 creatures vanquished

Notes
Turn   | Place    | Note
-------+----------+-------------------------------------------
     0 | D:1      | SnakkuSnakku7 the Ghoul Summoner began the quest for the
                  | Orb.
     0 | D:1      | Reached XP level 1. HP: 14/14 MP: 3/3
   153 | D:1      | Reached skill level 1 in Fighting
   153 | D:1      | Reached skill level 1 in Unarmed Combat
   153 | D:1      | Reached XP level 2. HP: 23/23 MP: 2/4
   476 | D:1      | Reached XP level 3. HP: 29/29 MP: 5/5
   516 | D:1      | Reached skill level 2 in Unarmed Combat
   580 | D:2      | Found a faded altar of an unknown god.
   729 | D:2      | Noticed Jessica
   741 | D:2      | Killed Jessica
   789 | D:2      | Reached XP level 4. HP: 34/37 MP: 6/6
  1049 | D:2      | Reached skill level 3 in Unarmed Combat
  1597 | D:3      | Reached XP level 5. HP: 45/45 MP: 7/7
  2586 | D:4      | Found a bloodstained altar of Trog.
  2647 | D:4      | Found a radiant altar of Vehumet.
  2764 | D:4      | Reached skill level 4 in Unarmed Combat
  2782 | D:4      | Reached XP level 6. HP: 39/52 MP: 8/8
  2807 | D:4      | Found an opulent altar of Gozag.
  3014 | D:4      | Noticed a black bear
  3021 | D:4      | Killed a black bear
  3022 | D:4      | Reached skill level 5 in Unarmed Combat
  3289 | D:5      | Entered Level 5 of the Dungeon
  3364 | D:5      | Reached skill level 6 in Unarmed Combat
  3404 | D:5      | Reached XP level 7. HP: 58/59 MP: 9/9
  3539 | D:5      | Reached skill level 7 in Unarmed Combat
  3539 | D:5      | Found a hazy altar of Hepliaklqana.
  3545 | D:5      | Noticed Dowan
  3550 | D:5      | Noticed Duvessa
  3833 | D:5      | Reached skill level 8 in Unarmed Combat
  4004 | D:5      | Reached XP level 8. HP: 57/66 MP: 10/10
  4031 | D:5      | Found a basalt altar of Yredelemnul.
  4118 | D:5      | Became a worshipper of Hepliaklqana the Forgotten
  4292 | D:5      | Reached skill level 9 in Unarmed Combat
  4386 | D:6      | Found an ancient bone altar of Kikubaaqudgha.
  4561 | D:6      | Found a hide-covered altar of Uskayaw.
  4606 | D:6      | Found a stormy altar of Qazlal.
  4696 | D:6      | Reached skill level 10 in Unarmed Combat
  5070 | D:6      | Reached skill level 11 in Unarmed Combat
  5106 | D:7      | Found a sparkling altar of Nemelex Xobeh.
  5145 | D:7      | Reached XP level 9. HP: 71/71 MP: 9/11
  5277 | D:7      | Found a staircase to the Ecumenical Temple.
  5419 | D:7      | Noticed a hornet
  5429 | D:7      | Killed a hornet
  5430 | D:7      | Reached skill level 12 in Unarmed Combat
  5664 | D:7      | Reached * piety under Hepliaklqana
  5821 | D:7      | Found a transporter.
  5824 | D:7      | Found a transporter.
  6285 | D:7      | Reached skill level 5 in Shields
  6341 | D:7      | Found a sacrificial altar of Ru.
  6705 | D:8      | Noticed a komodo dragon
  6760 | D:8      | Reached XP level 10. HP: 63/70 MP: 10/12
  6845 | D:5      | Killed Duvessa
  6848 | D:5      | Killed Dowan
  7535 | D:8      | Noticed Maurice
  7547 | D:8      | Maurice stole an amulet of faith
  7549 | D:8      | Something stole 302 gold
  7552 | D:8      | Something stole 12 gold
  7961 | D:8      | Found a staircase to the Lair.
  8574 | D:8      | Maurice stole 37 gold
  8578 | D:8      | Killed Maurice
  8601 | D:8      | Found a shadowy altar of Dithmenos.
  8933 | D:8      | Reached ** piety under Hepliaklqana
  8934 | D:8      | Remembered your ancestor Eto Bleh as a battlemage
  9294 | D:9      | Reached skill level 10 in Shields
  9370 | D:9      | Reached skill level 5 in Fighting
  9376 | D:9      | Reached XP level 11. HP: 77/80 MP: 9/13
  9473 | D:9      | Identified the ring of Peigg {Fire Str+2}
  9689 | D:9      | Noticed Amaemon
  9760 | D:9      | Killed Amaemon
  9898 | D:9      | Found an iron altar of Okawaru.
 10105 | D:10     | Entered Level 10 of the Dungeon
 10130 | D:10     | Noticed a cyclops
 10138 | D:10     | Killed a cyclops
 10186 | D:10     | Found a staircase to the Orcish Mines.
 10237 | D:10     | Reached *** piety under Hepliaklqana
 10276 | D:10     | Found a portal to a secret trove of treasure.
 10704 | D:10     | Reached skill level 10 in Fighting
 10708 | D:10     | Reached skill level 1 in Armour
 10994 | D:10     | Noticed an ice dragon
 11085 | Lair:1   | Entered Level 1 of the Lair of Beasts
 11379 | Lair:1   | Reached skill level 5 in Armour
 11381 | Lair:1   | Reached **** piety under Hepliaklqana
 11445 | Lair:1   | Reached XP level 12. HP: 95/95 MP: 14/14
 11774 | Lair:1   | Noticed Urug
 12358 | Lair:2   | Noticed a death yak
 12358 | Lair:2   | Noticed a death yak
 12358 | Lair:2   | Noticed a death yak
 12358 | Lair:2   | Noticed a death yak
 12359 | Lair:2   | Noticed a death yak
 12446 | Lair:1   | Killed a death yak
 12508 | Lair:1   | HP: 3/95 [yak (8)]
 12509 | Lair:1   | Killed a death yak
 12511 | Lair:1   | Killed a death yak
 12815 | Lair:1   | Killed Urug
 12870 | Lair:2   | Identified the +3 robe "Omosur" {^Drain +Blink Str+2
                  | Archmagi}
 12913 | Lair:1   | Killed a death yak
 12914 | Lair:1   | Reached skill level 10 in Armour
 12955 | Lair:1   | Killed a death yak
 13313 | Lair:2   | Reached XP level 13. HP: 82/101 MP: 12/15
 13315 | Lair:2   | Reached skill level 5 in Dodging
 13796 | Lair:2   | Found a staircase to the Swamp.
 14486 | Lair:3   | Reached ***** piety under Hepliaklqana
 14916 | Lair:3   | Found a hole to the Spider Nest.
 15112 | Lair:3   | Identified a scroll of acquirement
 15112 | Lair:3   | Acquired the +1 cloak of Guvvuw {rF+ rC+}
 15301 | Lair:4   | Reached skill level 10 in Dodging
 15308 | Lair:4   | Reached skill level 1 in Invocations
 15532 | Lair:4   | Reached skill level 5 in Invocations
 15568 | Lair:4   | Found a viscous altar of Jiyva.
 15577 | Lair:4   | Found a staircase to the Slime Pits.
 15606 | Lair:4   | Reached XP level 14. HP: 92/108 MP: 18/18
 15994 | Lair:5   | Entered Level 5 of the Lair of Beasts
 16040 | Lair:5   | Found a frozen archway.
 16056 | IceCv    | Entered an ice cave
 16412 | IceCv    | Reached skill level 10 in Invocations
 16459 | IceCv    | Noticed a frost giant
 16478 | IceCv    | Slain by a death yak

Illustrated notes

Levels and vault maps discovered:
D:1:      ncdulo_wetmaze, layout_basic
D:2:      layout_basic, dreamdust_ecumenical_altar_angels_and_demons,
          uniq_jessica
D:3:      kennysheep_slugbush, layout_loops_ring
D:4:      layout_loops_ring, trog_three_pillars_becter,
          mainiacjoe_overflow_cross_hatched, mainiacjoe_overflow_24_doors
D:5:      minmay_inner_zag, layout_basic, nicolae_hepliaklqana_hazy_memory,
          mainiacjoe_overflow_brackets, serial_corexii_hall,
          corexii_hall_statues_deadend, chequers_hall_statues_wall_a,
          chequers_hall_statues_wall_a, chequers_hall_statues_corner_a,
          uniq_duvessa
D:6:      layout_rooms, kennysheep_mini, mainiacjoe_overflow_two_lobes,
          kennysheep_generic_room_13
D:7:      gammafunk_beogh_shrine, layout_loops_ring,
          lemuel_coloured_pillars_altar, nemelex_xobeh_ov_fountains_minmay,
          minmay_temple_entry_large_hall, grunt_ministairs_4,
          hangedman_decor_diamond_cutter, minmay_fountain_box
D:8:      layout_cave_pods, grunt_dithmenos_smoke_and_mirrors,
          due_lair_maze_entry_diamond, serial_ice, serial_ice_j, serial_ice_o,
          serial_ice_d, serial_ice_c, uniq_maurice
D:9:      layout_stronghold, mainiacjoe_overflow_six_doors_small,
          mainiacjoe_overflow_tiny_flanked, the_hattery, uniq_amaemon
D:10:     layout_gridville, erik_orc_3, enter_trove_2, kennysheep_just_a_vault
Lair:1:   layout_long_grid, serial_forest, infiniplex_forest_lined_1,
          infiniplex_forest_clump_curved, infiniplex_forest_clump_double,
          infiniplex_forest_end_2, infiniplex_forest_straight_4,
          infiniplex_forest_end_3, serial_bayou_lake_a, uniq_urug
Lair:2:   layout_loops_ring, nicolae_swamp_entry_spooky,
          chequers_serial_rivers_small_3, serial_bayou_shore_a
Lair:3:   layout_misc_corridors, nicolae_spider_entry_tight_spaces,
          eino_small_chamber_without_monster, grunt_megastairs_1
Lair:4:   layout_roguey, nicolae_slime_entry_field_trip, minmay_shattered_shrine
Lair:5:   hellmonk_lair_end_abyssal_woods, layout_big_grid,
          gammafunk_ghost_hydra_chop, portal_ice_cave_entry_pillars_2,
          gauntlet_entry_generic, nicolae_lair_lil_pond
IceCv:    ice_cave_caverns_01

Skill      XL: |  1  2  3  4  5  6  7  8  9 10 11 12 13 14 |
---------------+-------------------------------------------+-----
Fighting       | 1 2 3 4 5 10 | 10.0
Unarmed Combat | 1 2 3 4 6 8 11 12 | 12.0
Shields        | 6 10 | 10.0
Armour         | 5 10 | 10.0
Dodging        | 4 10 | 10.0
Invocations    | 5 10 | 10.7
Stealth        | |  2.1
Spellcasting   | |  1.7
Summonings     | |  3.6

Action                     |  1- 3 |  4- 6 |  7- 9 | 10-12 | 13-15 || total
---------------------------+-------+-------+-------+-------+-------++-------
  Melee: Unarmed           |    80 |   242 |   290 |   495 |   527 ||  1634
         Punch             |     2 |     4 |    20 |     1 |       ||    27
   Cast: Summon Small Mamm |     5 |       |       |       |       ||     5
 Invoke: Recall Ancestor   |       |       |     3 |     8 |     1 ||    12
         Ancestor Identity |       |       |     1 |     1 |       ||     2
         Ancestor Life: Ba |       |       |       |     1 |       ||     1
  Evoke: Wand              |       |       |     6 |    18 |     3 ||    27
    Use: Scroll            |       |     7 |     2 |     7 |     7 ||    23
         Potion            |       |     1 |     2 |     7 |     4 ||    14
   Stab: Sleeping          |     3 |     3 |       |     2 |     4 ||    12
         Distracted        |       |       |       |     6 |     7 ||    13
 Armour: Robe              |    43 |   146 |   196 |    91 |       ||   476
         Acid dragon scale |       |       |       |   261 |   334 ||   595
  Dodge: Dodged            |    36 |   184 |   155 |   205 |   299 ||   879
  Block: Kite shield       |       |       |       |   287 |   379 ||   666
